 Dungeon Crawl Stone Soup version 0.17-a0-896-g249456b (webtiles) character file.

270 sugabear the Shield-Bearer (level 6, -1/38 HPs)
             Began as a Gargoyle Fighter on May 2, 2015.
             Slain by Sigmund
             ... wielding a +0 scythe
              (5 damage)
             ... on level 3 of the Dungeon.
             The game lasted 00:02:57 (1859 turns).

sugabear the Shield-Bearer (Gargoyle Fighter)       Turns: 1859, Time: 00:02:57

Health: -1/38      AC: 11    Str: 21    XL:     6   Next: 22%
Magic:  6/6        EV:  8    Int:  9    God:
Gold:   141        SH:  9    Dex:  9    Spells: 0 memorised, 5 levels left

rFire  . . .     SeeInvis .     a - +0 war axe
rCold  . . .     Clarity  .     b - +0 scale mail
rNeg   + . .     SustAb   .     c - +0 shield
rPois  ∞         Gourm    .     (no helmet)
rElec  +         Spirit   .     (no cloak)
rCorr  .         Warding  .     (no gloves)
rMut   .         Stasis   .     (no boots)
MR     .....                    (no amulet)
Stlth  ..........               (no ring)
                                (no ring)

@: not resistant to hostile enchantments, extremely unstealthy
A: negative energy resistance 1, electricity resistance, unbreathing,
petrification resistance, rot immunity, AC +4
a: no special abilities


You were on level 3 of the Dungeon.
You were not hungry.

You visited 1 branch of the dungeon, and saw 3 of its levels.

You collected 141 gold pieces.

Inventory:

Hand weapons
 a - a +0 war axe (weapon)
Armour
 b - a +0 scale mail (worn)
 c - a +0 shield (worn)
 m - a cursed +0 leather armour
Scrolls
 f - 2 scrolls of teleportation {unknown}
 h - a scroll of random uselessness {unknown}
 i - 5 scrolls of identify {unknown}
 n - a scroll of fear {unknown}
 r - a scroll of magic mapping {unknown}
Potions
 d - a potion of might
 k - a potion of agility {unknown}
 l - a potion of brilliance {unknown}
 p - a potion of magic {unknown}
 s - 2 potions of heal wounds {unknown}
 t - a potion of curing {unknown}
Comestibles
 e - 4 bread rations
 g - a royal jelly
 j - a meat ration
 q - 2 beef jerkies


   Skills:
 + Level 4.1 Fighting
 + Level 2.5 Axes
 + Level 4.4 Armour
 + Level 2.1 Dodging
 + Level 4.9 Shields


You had 5 spell levels left.
You didn't know any spells.

Dungeon Overview and Level Annotations

Branches:
Dungeon (3/15)

Altars:
Sif Muna

Annotations:
D:3 Sigmund


Innate Abilities, Weirdness & Mutations

You are resistant to torment.
Your stone body is resilient (AC +4).
You are immune to poison.
You resist negative energy.
You are resistant to electric shocks.
You can survive without breathing.
You are immune to petrification.
You are immune to rotting.


Message History

You see here a stone.
You miss something. You block its attack.
You miss something. Something hits you!
You hit something. Something hits you but does no damage.
You barely miss something. Something hits you!
Your shield and scale mail prevent you from hitting something.
Something hits you but does no damage.
You closely miss something.
You hear some strange, mumbled words.
A puff of flame appears from out of thin air!
The puff of flame misses you. Something hits you!
* * * LOW HITPOINT WARNING * * *
You miss something. You block its attack.
Your shield and scale mail prevent you from hitting something.
Sigmund appears from thin air!
Reactivating autopickup.
You slash Sigmund!
Sigmund is moderately wounded.
Sigmund hits you with a scythe.
You die...

### ... ..# ..###
#.#### .>..# .....# #
#...# #.##.#######.
#...#
#.........##.###...#
.....####.#.....)).##
#...<.<...#.##...†..#
#...........##..@..(#
#....#....#.##..@...#
#.........#.##..(...#
###.......#(##......#
..........#.####.####
.###......#.####.#
..##....#........#
..###...#.#.######
..##..#)..#.#


You could see Sigmund.

Vanquished Creatures
  2 jellies (D:1)
  Terence (D:2)
  7 adders (D:2)
  6 oozes
  A worm (D:2)
  4 giant geckos
  An orc (D:3)
  A ball python (D:2)
  5 giant cockroaches (D:1)
  8 goblins
  12 hobgoblins
  8 kobolds
  A quokka (D:2)
  5 bats
  2 giant newts
  10 jackals (D:1)
  9 rats
83 creatures vanquished.

Notes
Turn   | Place    | Note
--------------------------------------------------------------
     0 | D:1      | sugabear, the Gargoyle Fighter, began the quest for the Orb.
     0 | D:1      | Reached XP level 1. HP: 14/14 MP: 1/1
     0 | D:1      | Noticed a jelly
     1 | D:1      | Found a runed door.
     4 | D:1      | Noticed a jelly
    91 | D:1      | Reached XP level 2. HP: 10/19 MP: 2/2
   518 | D:1      | Reached XP level 3. HP: 23/23 MP: 3/3
   889 | D:1      | Reached skill level 4 in Shields
   892 | D:1      | Reached skill level 1 in Dodging
   912 | D:1      | Reached XP level 4. HP: 19/28 MP: 4/4
   920 | D:1      | Killed a jelly
   931 | D:1      | Killed a jelly
   931 | D:1      | Reached XP level 5. HP: 22/33 MP: 5/5
  1036 | D:2      | Noticed Terence
  1054 | D:2      | Killed Terence
  1156 | D:2      | Reached XP level 6. HP: 32/38 MP: 6/6
  1272 | D:2      | Found a deep blue altar of Sif Muna.
  1839 | D:3      | Noticed Sigmund
  1859 | D:3      | Slain by Sigmund

Action                   |  1- 3 |  4- 6 || total
-------------------------+-------+-------++-------
Melee: War axe           |   138 |   180 ||   318
  Eat: Chunk             |       |     4 ||     4
